 Dungeon Crawl Stone Soup version 0.31-a0-366-ga77b45bd9b (webtiles) character file.

Game seed: 1571995565236925134

240 AdnanSaban the Covered (level 6, 0/38 HPs)
             Began as a Gargoyle Fighter on July 28, 2023.
             Slain by an iguana (6 damage)
             ... on level 3 of the Dungeon.
             The game lasted 00:02:48 (2595 turns).

AdnanSaban the Covered (Gargoyle Fighter)           Turns: 2595, Time: 00:02:49

Health: 0/38       AC: 15    Str: 21    XL:     6   Next: 8%
Magic:  6/6        EV:  9    Int: 12    God:
Gold:   167        SH:  4    Dex:  9    Spells: 5/5 levels left

rFire   . . .        a - +0 flail
rCold   . . .        c - +0 buckler
rNeg    + . .        b - +0 scale mail
rPois   ∞            p - +1 helmet {Int+3}
rElec   +            u - +0 cloak
rCorr   .            (no gloves)
SInv    .            (no boots)
Will    .....        (no amulet) Stlth
                     w - ring of flight
HPRegen 0.26/turn    (no ring)
MPRegen 0.10/turn

%: no passive effects
@: flying
A: sickness immunity, AC +4, negative energy resistance 1, electricity
resistance, torment resistance 1, petrification resistance
a: no special abilities


You were on level 3 of the Dungeon.
You visited 1 branch of the dungeon, and saw 4 of its levels.

You collected 167 gold pieces.

Inventory:

Hand Weapons
 a - a +0 flail (weapon)
Missiles
 m - 7 poisoned darts (quivered)
Armour
 b - a +0 scale mail (worn)
 c - a +0 buckler (worn)
 p - a +1 helmet of intelligence (worn)
 u - a +0 cloak (worn)
Jewellery
 w - a ring of flight (left hand)
Scrolls
 e - 2 scrolls of blinking {unknown}
 f - 3 scrolls of teleportation {unknown}
 i - 4 scrolls of identify {unknown}
 j - 2 scrolls of vulnerability {unknown}
 k - 2 scrolls of noise {unknown}
 o - a scroll of enchant weapon {unknown}
 r - a scroll of brand weapon {unknown}
 s - 3 scrolls of poison {unknown}
 t - a scroll of immolation {unknown}
Potions
 d - a potion of might
 g - a potion of lignification {unknown}
 h - 2 potions of heal wounds {unknown}
 l - a potion of haste {unknown}
 n - a potion of curing {unknown}
 q - a potion of enlightenment {unknown}
 v - a potion of attraction {unknown}
 x - a potion of mutation {unknown}


   Skills:
 + Level 4.0 Fighting
 + Level 4.2 Maces & Flails
 + Level 4.4 Armour
 + Level 1.0 Dodging
 + Level 4.1 Shields


You had 5 spell levels left.
You didn't know any spells.
Your spell library contained the following spells:

 Spells                   Type           Power      Damage    Failure   Level
 Magic Dart               Conj           0%         1d3       71%         1
 Blink                    Tloc           0%         N/A       85%         2
 Lesser Beckoning         Tloc           0%         N/A       85%         2
 Momentum Strike          Conj/Tloc      0%         3d8       85%         2
 Searing Ray              Conj           0%         2d4       85%         2
 Fulminant Prism          Conj/Hex       0%         3d5       100%        4


Dungeon Overview and Level Annotations

Branches:
Dungeon (4/15)
 Temple: D:4-7

Altars:
Ru


Innate Abilities, Weirdness & Mutations

You are immune to sickness and miasma.
Your stone body is resilient. (AC +4)
You are immune to poison.
You resist negative energy. (rN+)
You are resistant to electric shocks. (rElec)
You are resistant to unholy torment.
You are immune to petrification.


Message History

You are too injured to fight recklessly!
You are too injured to fight recklessly!
You are too injured to fight recklessly!
There is a stone staircase leading up here.
The iguana hisses menacingly.
You block the iguana's attack.
You fly upwards.
There is a stone staircase leading down here.
You closely miss the iguana.
The iguana is lightly wounded.
The iguana closely misses you.
You closely miss the iguana.
The iguana is lightly wounded.
The iguana bites you!
* * * LOW HITPOINT WARNING * * *
You hit the iguana.
The iguana is heavily wounded.
The iguana bites you.
* * * LOW HITPOINT WARNING * * *
You closely miss the iguana.
The iguana is heavily wounded.
The iguana bites you but does no damage. x2
You barely miss the iguana.
The iguana is heavily wounded.
The iguana closely misses you.
You hit the iguana.
The iguana is severely wounded.
The iguana bites you but does no damage.
You hit the iguana but do no damage.
The iguana is severely wounded.
The iguana bites you.
* * * LOW HITPOINT WARNING * * *
You hit the iguana.
The iguana is severely wounded.
The iguana closely misses you.
The iguana bites you but does no damage.
You closely miss the iguana.
The iguana is severely wounded.
The iguana bites you.
You die...

..#.#......##.#.....#.###
..#........##.#.........#
..#.###.......#...#.#.#.#
..............##........#
....###...........#.#.#.##
.....##..................#
.....####...#.....#.#.#..#
.....####...#....l.......#
.........^......@..####..#
...................# #.##
...........#####.### ##.#
..#..............#####..#
....####...............##
....# #..####.........# ....#
#..#............######
..#.####..#.................#
.......................####.#


You could see an iguana.

Vanquished Creatures
  2 hounds (D:4)
  An orc priest (D:3)
  An orc wizard (D:3)
  A gnoll (D:1)
  3 adders
  2 ufetubi (D:4)
  2 worms (D:3)
  A dart slug (D:3)
  3 orcs (D:3)
  2 endoplasms
  5 giant cockroaches
  4 goblins
  5 hobgoblins
  2 quokkas
  6 ball pythons
  5 bats
  2 frilled lizards
  4 kobolds
  6 rats
57 creatures vanquished.

Vanquished Creatures (others)
  An orc wizard (D:3)
1 creature vanquished.

Grand Total: 58 creatures vanquished

Notes
Turn   | Place    | Note
-------+----------+-------------------------------------------
     0 | D:1      | AdnanSaban the Gargoyle Fighter began the quest for the
                  | Orb.
     0 | D:1      | Reached XP level 1. HP: 14/14 MP: 1/1
    30 | D:1      | Reached XP level 2. HP: 12/19 MP: 2/2
   335 | D:1      | Reached XP level 3. HP: 23/23 MP: 3/3
  1249 | D:2      | Found a faded altar of an unknown god.
  1532 | D:3      | Reached XP level 4. HP: 28/28 MP: 4/4
  1823 | D:3      | Found a sacrificial altar of Ru.
  2062 | D:4      | Noticed an orc warrior
  2121 | D:3      | Reached XP level 5. HP: 26/33 MP: 5/5
  2504 | D:4      | Reached skill level 1 in Dodging
  2530 | D:3      | Reached XP level 6. HP: 34/38 MP: 6/6
  2595 | D:3      | Slain by an iguana

Illustrated notes

Levels and vault maps discovered:
D:1:      lightli_molten_gateway, layout_basic
D:2:      layout_loops_cross, dilly_ecumenical_altar_fadedgnrine,
          roderic_lattice_a
D:3:      layout_basic, lemuel_crystal_altar, serial_glass, glass_columns_b,
          glass_columns_a, item_on_display_a
D:4:      layout_rooms, trog_book, kiku_gazebo_garden_becter

Skill      XL: |  1  2  3  4  5  6 |
---------------+-------------------+-----
Maces & Flails | 3 4 |  4.2
Armour         | 4 |  4.4
Shields        | 4 |  4.1
Dodging        | 1 |  1.0
Fighting       | 4 |  4.0

Action                     |  1- 3 |  4- 6 || total
---------------------------+-------+-------++-------
  Melee: Flail             |   117 |   124 ||   241
 Armour: Scale mail        |    64 |   102 ||   166
  Dodge: Dodged            |    50 |    86 ||   136
  Block: Buckler           |    26 |    35 ||    61

Table legend: (Time is in decaauts)
 A = Elapsed time spent in this place.
 B = Non-inter-level travel time spent in this place.
 C = Inter-level travel time spent in this place.
 D = Time resting spent in this place.
 E = Time spent auto-exploring this place.
 F = Levels seen in this place.
 G = Mean time per level.
                   A        B        C        D        E       F      G
               +--------+--------+--------+--------+--------+-----+--------+
         Total |   2662 |   2572 |     90 |      0 |   1912 |   4 |  665.5 |
       Dungeon |   2662 |   2572 |     90 |      0 |   1912 |   4 |  665.5 |
               +--------+--------+--------+--------+--------+-----+--------+

Top non-repeatable levels by time:
     D:3: 983 daAuts
     D:2: 805 daAuts
     D:1: 619 daAuts
     D:4: 254 daAuts
